 Dungeon Crawl Stone Soup version 0.18-a0-1147-g8e8348b (webtiles) character file.

228411 4thArraOfDagon the Peltast (level 18, -6/217 HPs)
             Began as a Troll Arcane Marksman on Jan 22, 2016.
             Was the Champion of Cheibriados.
             Mangled by an acid blob (34 damage)
             ... on level 6 of the Pits of Slime.
             The game lasted 01:50:08 (13930 turns).

4thArraOfDagon the Peltast (Troll Arcane Marksman) Turns: 13930, Time: 01:50:08

Health: -6/217     AC: 14    Str: 46    XL:     18   Next: 27%
Magic:  8/27       EV: 24    Int: 27    God:    Cheibriados [******]
Gold:   1179       SH: 27    Dex: 32    Spells: 5 memorised, 9 levels left

rFire  + . .     SeeInvis .       - Unarmed
rCold  . . .     Gourm    +     (armour currently unavailable)
rNeg   + + +     Faith    .     u - +0 large shield {rC+}
rPois  ∞         Spirit   .     (helmet restricted)
rElec  +         Dismiss  .     A - +1 cloak
rCorr  +         Reflect  .     (gloves unavailable)
SustAt .         Harm     .     (boots unavailable)
MR     ++...     Clarity  +     (no amulet)
Stlth  +++.......               X - ring of the Skies Above {rCorr rElec Int-2 Dex+4}
                                T - ring "Oluxic" {Fire rN++ Slay+4}

@: mighty, agile, about to teleport, statue-form, corroded equipment, very slow,
very resistant to hostile enchantments, fairly stealthy
A: unfitting armour, claws 3, clarity, deformed body, fast metabolism 3,
gourmand, high mp 1, magic resistance 1, poison resistance, regeneration 2,
(shaggy fur 0), (tough skin 0)
a: End Transformation, Bend Time, Temporal Distortion, Slouch, Step From Time,
Renounce Religion
}: 2/15 runes: barnacled, gossamer


You were on level 6 of the Pits of Slime.
You worshipped Cheibriados.
Cheibriados was exalted by your worship.
You were very full.
You were a stone statue.
You visited 8 branches of the dungeon, and saw 42 of its levels.
You also visited: Labyrinth and Ossuary.

You collected 2642 gold pieces.
You spent 1463 gold pieces at shops.

Inventory:

Missiles
 r - 4 throwing nets
 s - 7 large rocks (quivered)
Armour
 u - a +0 large shield of cold resistance (worn)
 A - a +1 cloak (worn)
 J - a +2 robe of the Archmagi (melded)
Magical Staves
 x - an uncursed staff of earth
Rods
 Y - a +0 rod of clouds (9/9)
   (You found it in a labyrinth)
Jewellery
 g - the ring "Bogeigau" {rElec rF+}
   (You found it on level 4 of the Shoals)

   [ring of protection from fire]

   It protects you from fire.
   It insulates you from electricity.
 w - an uncursed ring of wizardry
 L - the ring of Odasobly {rPois rF- Str+4 Dex+4 Stlth+}
   (You found it in a labyrinth)

   [ring of stealth]

   It affects your strength (+4).
   It affects your dexterity (+4).
   It makes you vulnerable to fire.
   It protects you from poison.
   It makes you more stealthy.
 Q - the ring "Taen" {*Tele *Drain rElec Str+2 Int+8}
   (You found it on level 8 of the Lair of Beasts)

   [ring of teleportation]

   It may teleport you next to monsters.
   It affects your strength (+2).
   It affects your intelligence (+8).
   It insulates you from electricity.
   It causes draining when unequipped.
 T - the ring "Oluxic" (left claw) {Fire rN++ Slay+4}
   (You bought it in a shop on level 1 of the Orcish Mines)

   [ring of fire]

   It enhances your fire magic, and weakens your ice magic.
   It affects your accuracy and damage with ranged weapons and melee attacks
   (+4).
   It protects you from fire.
   It makes you vulnerable to cold.
   It greatly protects you from negative energy.
 X - the ring of the Skies Above (right claw) {rCorr rElec Int-2 Dex+4}
   (You bought it in a shop on level 1 of the Orcish Mines)

   [ring of resist corrosion]

   It affects your intelligence (-2).
   It affects your dexterity (+4).
   It insulates you from electricity.
Wands
 b - a wand of teleportation (5/9)
 c - a wand of polymorph (3/24)
 h - a wand of teleportation (1/9)
 k - a wand of paralysis (18/24)
 t - a wand of disintegration (4/24)
 G - a wand of invisibility (3/9)
 H - a wand of draining (2/15)
 K - a wand of digging (15/24)
 S - a wand of disintegration (3/24)
 U - a wand of flame (24/48)
 Z - a wand of teleportation (1/9)
Scrolls
 a - a scroll of fog
 d - a scroll of amnesia
 j - 3 scrolls of blinking
 m - a scroll of magic mapping
 n - 8 scrolls of remove curse
 p - 5 scrolls of recharging
 y - 4 scrolls of enchant armour
 B - 2 scrolls of noise
 D - a scroll of vulnerability
 E - a scroll of teleportation
Potions
 l - 2 potions of berserk rage
 o - 3 potions of lignification
 v - 2 potions of curing
 z - 4 potions of ambrosia
 I - a potion of heal wounds
 M - 3 potions of magic
 R - 2 potions of might
Books
 F - a book of the Sky

   Spells                             Type                      Level
   a - Summon Lightning Spire         Summoning/Air                4
   b - Airstrike                      Air                          4
   c - Silence                        Hexes/Air                    5
   d - Deflect Missiles               Charms/Air                   6
   e - Conjure Ball Lightning         Conjuration/Air              6
   f - Tornado                        Air                          9
Miscellaneous
 q - an ornate deck of wonders
 C - a piece from Xom's chessboard
 P - a stone of tremors
 V - a plain deck of changes
 W - a plain deck of war {drawn: 2}
Comestibles
 f - 16 bread rations
 i - 9 royal jellies
 O - 5 meat rations


   Skills:
 + Level 8.3 Fighting
 - Level 1.7 Throwing
 + Level 8.0 Dodging
 - Level 15.5 Shields
 * Level 13.6 Unarmed Combat
 - Level 5.4 Spellcasting
 - Level 2.0 Hexes
 - Level 2.5 Charms
 - Level 2.6 Necromancy
 - Level 9.3 Transmutations
 - Level 10.8 Earth Magic
 + Level 8.1 Invocations


You had 9 spell levels left.
You knew the following spells:

 Your Spells              Type           Power        Failure   Level  Hunger
a - Regeneration          Chrm/Necr      ###.......   10%         3    #......
b - Slow                  Hex            ###.....     6%          2    None
c - Statue Form           Trmt/Erth      ######...    21%         6    ######.
d - Stoneskin             Trmt/Erth      ######..     1%          2    None
e - Lee's Rapid Deconstr  Erth           ######....   2%          5    #####..


Dungeon Overview and Level Annotations

Branches:
Dungeon (15/15) Temple (1/1) D:7 Lair (8/8) D:8 Shoals (4/4) Lair:4 Spider (4/4) Lair:6 Slime (6/6) Lair:7 Orc (2/2) D:12 Elf (2/3) Orc:2 Vaults (0/5) D:12 D:13 Depths: D:15

Altars:
Ashenzari
Cheibriados
Dithmenos
Elyvilon
Gozag
Kikubaaqudgha
Makhleb
Nemelex Xobeh
Okawaru
Pakellas
Ru
Sif Muna
Trog
Vehumet
Xom
Yredelemnul
Zin
The Shining One
Beogh
Jiyva
Lugonu

Shops:
D:7 (   D:11 *(   D:14 *   Orc:1 =(   Orc:2 *[*

Portals:
Ice
Cave: Elf:1

Annotations:
D:3 Ajdolov's ghost, amateur OpTm
D:7 exclusion: statue
D:13 Norris; Rupert
Elf:1 exclusion: 2 ice statues


Innate Abilities, Weirdness & Mutations

You are too large for most types of armour.
You have claws for hands.
Your metabolism is lightning-fast.
You like to eat raw meat.
You heal very quickly.
((You are covered in fur (AC +1).))
((You have very tough skin (AC +2).))
You possess an exceptional clarity of mind.
Armour fits poorly on your strangely shaped body.
You have an increased reservoir of magic (+10% MP).
You are resistant to hostile enchantments.
Your system is resistant to poisons.


Message History

Unknown command.
Unknown command.
You mangle the acid blob!!
Your claws burn!
* * * LOW HITPOINT WARNING * * *
The acid blob is severely wounded.
The acid blob spits acid at you. The splash of acid hits you! You resist.
* * * LOW HITPOINT WARNING * * *
The acid burns!
You resist.
* * * LOW HITPOINT WARNING * * *
Unknown command.
Unknown command.
Drink which item? (? for menu, Esc to quit)
Okay, then.
You mangle the acid blob!!
Your claws burn!
* * * LOW HITPOINT WARNING * * *
The acid blob is almost dead.
Your skin stops crawling.
The acid blob hits you!!
You die...

.....
........................
#J....
........................
......
........................
J.....
........................
......
........................
......
.......JJ...............
......
......JJJJ..............
......
...#####J####...........
......
..##[##8.##:##....
......
.##$$$#.##/??##...
......
##))$##..##=|)##..
...... #:)φ[$##.#(:=}?
#. ......
#%[}$##..##$}$(
##![#=#.##[#[(#
#######..######
.#...#....#...#
#........#


You could see an acid blob, 2 azure jellies, 3 death oozes and a jelly.

Vanquished Creatures
  the Royal Jelly (Slime:6)
  Mara (Shoals:4)
  Jorgrun (Spider:3)
  A kraken (Shoals:4)
  14 acid blobs
  Agnes (Spider:1)
  Kirke (Lair:6)
  8 azure jellies
  Ilsuiw (Shoals:4)
  Roxanne (Shoals:3)
  Aizul (Shoals:4)
  4 ghost moths
  7 emperor scorpions
  2 spark wasps (Spider:4)
  5 merfolk javelineers (Shoals:4)
  An ettin (Orc:2)
  5 merfolk impalers
  6 death oozes
  A fire dragon (Lair:8)
  A minotaur (Lab)
  3 great orbs of eyes
  2 hydras
  7 merfolk avatars
  A centaur warrior (D:14)
  3 satyrs
  A dancing weapon (Elf:1)
  8 merfolk aquamancers
  Nergalle (Orc:2)
  Urug (Orc:1)
  6 sea snakes
  An unseen horror (D:12)
  2 skeletal warriors (D:12)
  5 hill giants
  2 lindwurms (Lair:8)
  A harpy (Shoals:4)
  17 orb spiders
  16 wolf spiders
  13 griffons
  2 cyclopes
  7 orc sorcerers (Orc:2)
  7 deep elf magi
  2 hornets
  2 moths of wrath
  3 ugly things
  4 shining eyes
  4 fauns (Shoals:1)
  3 water nymphs
  10 elephants
  4 manticores
  10 sirens
  5 black mambas
  12 spiny frogs
  6 gargoyles
  7 torpor snails
  A centaur skeleton (D:11)
  A komodo dragon (shapeshifter) (Elf:1)
  2 kobold demonologists
  3 komodo dragons
  A fire drake (Lair:8)
  9 demonic crawlers
  31 jumping spiders
  3 giant leeches (Lair:8)
  9 polar bears
  19 merfolk
  3 trolls
  A wind drake (Shoals:1)
  2 two-headed ogres
  A raiju (Lair:8)
  56 slime creatures
  22 blink frogs
  26 redbacks
  A snapping turtle (Shoals:4)
  A spriggan (D:7)
  11 water elementals
  21 yaks
  22 tarantellas
  A vampire (D:14)
  A hog (Lair:6)
  14 golden eyes
  4 hippogriffs
  3 vampire mosquitoes (Lair:8)
  2 basilisks
  9 humans
  A hungry ghost (D:10)
  26 wolves
  A mottled dragon (D:12)
  15 wargs
  2 insubstantial wisps (Lair:8)
  9 water moccasins
  4 porcupines
  5 hell hounds (Lair:8)
  12 orc warriors
  4 phantoms
  15 black bears
  4 wasps
  4 sky beasts
  An ice beast (D:5)
  A necrophage (D:5)
  11 centaurs
  3 eyes of draining
  6 ogres
  8 crocodiles
  9 giant frogs
  4 scorpions
  9 killer bees
  3 wights (D:6)
  3 crimson imps
  2 giant frog zombies
  5 centaur zombies
  17 hounds
  16 jellies
  2 quasits
  10 orc priests
  A giant frog skeleton (D:8)
  5 iguanas
  40 orc wizards
  7 worker ants
  10 sheep
  2 killer bee zombies
  A big kobold zombie (Ossuary)
  A hound skeleton (D:5)
  A mummy (Ossuary)
  Robin (D:2)
  13 adders
  47 river rats
  4 shadow imps
  An adder zombie (D:6)
  23 worms
  4 giant geckos
  54 orcs
  A ball python (D:5)
  3 bats
  6 giant cockroaches
  10 goblins (D:2)
  5 hobgoblins (D:2)
  15 jackals
  8 kobolds
  3 quokkas
  3 giant newts
  A gnoll zombie (Ossuary)
  A goblin zombie (Ossuary)
  2 hobgoblin zombies (Ossuary)
  A jackal skeleton (D:5)
  A kobold zombie (Ossuary)
  6 orc zombies (Ossuary)
  A quokka skeleton (D:7)
  A quokka zombie (D:7)
  A rat (D:3)
  3 fungi
  5 plants
  2 tentacles (Shoals:4)
1027 creatures vanquished.

Vanquished Creatures (others)
  2 humans (Lair:6)
  A centaur (Shoals:1)
  An orc wizard (Orc:2)
  3 orcs
  A giant cockroach (Slime:5)
  A kobold zombie (Ossuary)
  10 bushes (D:14)
  18 fungi
  28 plants
  3 tentacles (Shoals:4)
  328 tentacle segments (Shoals:4)
396 creatures vanquished.

Grand Total: 1423 creatures vanquished

Notes
Turn   | Place    | Note
--------------------------------------------------------------
     0 | D:1      | 4thArraOfDagon the Troll Arcane Marksman began the quest for the Orb.
     0 | D:1      | Reached XP level 1. HP: 18/18 MP: 1/1
    70 | D:2      | Reached skill level 1 in Unarmed Combat
    79 | D:2      | Reached skill level 1 in Fighting
    79 | D:2      | Reached XP level 2. HP: 25/27 MP: 2/2
   113 | D:2      | Reached XP level 3. HP: 26/33 MP: 3/3
   229 | D:2      | Found an ancient bone altar of Kikubaaqudgha.
   272 | D:2      | Reached skill level 3 in Unarmed Combat
   336 | D:3      | Reached XP level 4. HP: 41/41 MP: 4/4
   367 | D:3      | Noticed Ajdolov's ghost (amateur OpTm)
   462 | D:2      | Found a basalt altar of Yredelemnul.
   484 | D:2      | Noticed Robin
   575 | D:5      | Entered Level 5 of the Dungeon
   577 | D:5      | Noticed an ice beast
   580 | D:5      | Found a bloodstained altar of Trog.
   583 | D:5      | Reached skill level 4 in Unarmed Combat
   583 | D:5      | Reached XP level 5. HP: 46/49 MP: 5/5
   599 | D:5      | Killed an ice beast
   599 | D:5      | Reached skill level 5 in Unarmed Combat
   599 | D:5      | Reached XP level 6. HP: 46/59 MP: 6/6
   779 | D:5      | Found a shattered altar of Ashenzari.
   804 | D:6      | Found a sand-covered staircase.
   809 | Ossuary  | Entered an ossuary
  1006 | D:6      | Found a sacrificial altar of Ru.
  1038 | D:6      | Reached XP level 7. HP: 65/67 MP: 7/7
  1045 | D:6      | Reached skill level 6 in Unarmed Combat
  1166 | D:6      | Found a deep blue altar of Sif Muna.
  1205 | D:6      | Found an opulent altar of Gozag.
  1309 | D:7      | Found a radiant altar of Vehumet.
  1333 | D:7      | Learned a level 2 spell: Slow
  1390 | D:7      | Found Aggei's Weapon Shoppe.
  1481 | D:7      | Found a staircase to the Ecumenical Temple.
  1600 | Temple   | Entered the Ecumenical Temple
  1619 | Temple   | Became a worshipper of Cheibriados the Contemplative
  1730 | D:7      | Noticed a spriggan baker
  1739 | D:7      | Killed a spriggan baker
  1739 | D:7      | Reached skill level 7 in Unarmed Combat
  1739 | D:7      | Reached XP level 8. HP: 22/78 MP: 8/8
  1831 | D:8      | Reached skill level 1 in Invocations
  2066 | D:4      | Found a shimmering altar of Xom.
  2121 | D:3      | Reached * piety under Cheibriados
  2292 | D:2      | Killed Robin
  2453 | D:4      | Reached ** piety under Cheibriados
  2533 | D:4      | Found a glowing silver altar of Zin.
  2534 | D:4      | Found a glowing golden altar of the Shining One.
  2536 | D:4      | Found a white marble altar of Elyvilon.
  2691 | D:5      | Found an oddly glowing altar of Pakellas.
  2710 | D:5      | Reached skill level 8 in Unarmed Combat
  2905 | D:7      | Reached XP level 9. HP: 73/87 MP: 10/10
  3126 | D:8      | Reached skill level 5 in Fighting
  3171 | D:8      | Reached *** piety under Cheibriados
  3210 | D:8      | Reached skill level 9 in Unarmed Combat
  3369 | D:8      | Found a staircase to the Lair.
  3507 | D:9      | Reached skill level 5 in Dodging
  3525 | D:9      | Noticed a hill giant
  3530 | D:9      | Killed a hill giant
  3559 | D:8      | Noticed a deep elf mage
  3561 | D:8      | Noticed a jumping spider
  3563 | D:8      | Killed a deep elf mage
  3563 | D:8      | Reached XP level 10. HP: 98/98 MP: 12/12
  3564 | D:8      | Found a snail-covered altar of Cheibriados.
  3633 | D:9      | Reached skill level 10 in Unarmed Combat
  3784 | D:9      | Reached **** piety under Cheibriados
  3792 | D:10     | Entered Level 10 of the Dungeon
  4005 | D:11     | Reached skill level 1 in Shields
  4058 | D:11     | Found Fempoblyf's Antique Weapon Emporium.
  4083 | D:11     | Reached skill level 5 in Invocations
  4191 | D:11     | Found Fen Wuc's General Store.
  4220 | D:11     | Reached ***** piety under Cheibriados
  4243 | D:12     | Noticed a green ugly thing
  4246 | D:12     | Killed a green ugly thing
  4316 | D:12     | Found a staircase to the Orcish Mines.
  4429 | D:12     | Noticed a hill giant
  4436 | D:12     | Killed a hill giant
  4436 | D:12     | Reached skill level 11 in Unarmed Combat
  4436 | D:12     | Reached XP level 11. HP: 100/107 MP: 14/14
  4453 | D:13     | Found a gate to the Vaults.
  4453 | D:13     | Noticed an orc knight
  4453 | D:13     | Noticed Rupert
  4453 | D:13     | Noticed Norris
  4453 | D:13     | Noticed a cyan ugly thing
  4453 | D:13     | Noticed a hill giant
  4458 | D:12     | Noticed a skeletal warrior
  4458 | D:12     | Noticed a skeletal warrior
  4458 | D:12     | Noticed a skeletal warrior
  4458 | D:12     | Noticed a skeletal warrior
  4459 | D:12     | Killed an unseen horror
  4461 | D:12     | Noticed a skeletal warrior
  4462 | D:12     | Killed a skeletal warrior
  4467 | D:12     | Killed a skeletal warrior
  4480 | D:12     | Gained mutation: Your system is resistant to poisons. [mutagenic meat]
  4481 | D:12     | Gained mutation: You are resistant to hostile enchantments. [mutagenic meat]
  4482 | D:12     | Gained mutation: You are frail (-10% HP). [mutagenic meat]
  4577 | D:12     | Reached skill level 5 in Shields
  4684 | D:13     | Noticed a griffon
  4692 | D:13     | Killed a griffon
  4779 | D:14     | Found Srpheojany's Superlative Supplies.
  4816 | D:15     | Entered Level 15 of the Dungeon
  4836 | D:15     | Noticed a red ugly thing
  4837 | D:15     | Noticed a red ugly thing
  4838 | D:15     | Noticed a red ugly thing
  4873 | D:13     | Noticed a white ugly thing
  4874 | D:13     | Noticed a griffon
  4905 | D:14     | Noticed a hill giant
  4905 | D:14     | Noticed a centaur warrior
  4920 | D:14     | Killed a centaur warrior
  4932 | D:14     | Killed a hill giant
  4932 | D:14     | Reached skill level 12 in Unarmed Combat
  5000 | D:14     | Learned a level 6 spell: Statue Form
  5003 | D:14     | Noticed a white ugly thing
  5042 | D:14     | Noticed a hill giant
  5050 | D:14     | Killed a hill giant
  5068 | D:14     | Reached XP level 12. HP: 96/106 MP: 15/15
  5083 | D:14     | Learned a level 2 spell: Stoneskin
  5129 | D:14     | Reached skill level 1 in Earth Magic
  5178 | D:14     | Reached skill level 1 in Transmutations
  5348 | D:13     | Gained mutation: Armour fits poorly on your strangely shaped body. [mutagenic meat]
  5349 | D:13     | Lost mutation: You are frail (-10% HP). [mutagenic meat]
  5350 | D:13     | Gained mutation: You have an increased reservoir of magic (+10% MP). [mutagenic meat]
  5539 | Orc:1    | Entered Level 1 of the Orcish Mines
  5539 | Orc:1    | Noticed Urug
  5593 | Orc:2    | Entered Level 2 of the Orcish Mines
  5595 | Orc:2    | Found a staircase to the Elven Halls.
  5611 | Orc:2    | Noticed an ettin
  5616 | Orc:2    | Killed an ettin
  5712 | Orc:1    | Found a roughly hewn altar of Beogh.
  5743 | Orc:1    | Found Epainat's Jewellery Shop.
  5757 | Orc:1    | Bought the ring "Oluxic" {Fire rN++ Slay+4} for 711 gold pieces
  5996 | Orc:2    | Reached ****** piety under Cheibriados
  6072 | Orc:2    | Found Jonoenk's General Store.
  6072 | Orc:2    | Found Bukkypp's Antique Armour Shoppe.
  6086 | Orc:2    | Bought a shiny shield for 135 gold pieces
  6189 | Orc:2    | Found a roughly hewn altar of Beogh.
  6327 | Orc:2    | Found Hiph's Assorted Antiques.
  6327 | Orc:2    | Found Deiceam's Antique Armour Boutique.
  6356 | Orc:2    | Bought a runed large shield for 130 gold pieces
  6356 | Orc:2    | Bought a scroll labeled CATUTHR FUEQA for 29 gold pieces
  6438 | Orc:1    | Noticed Nergalle
  6458 | Orc:2    | Killed Nergalle
  6463 | Orc:2    | kak: Thanks again, made it.
  6470 | Orc:2    | 4thArraOfDagon: hi
  6474 | Orc:2    | 4thArraOfDagon: ohh great
  6494 | Orc:2    | 4thArraOfDagon: did you get more mutations from orbs?
  6521 | Orc:2    | kak: Next time gonna try get turn count down somewhat
  6546 | D:12     | kak: Not too bad, easy run out really
  6585 | Orc:1    | Killed Urug
  6633 | Orc:1    | kak: Take care, heading out now...
  6650 | Orc:1    | Found Sutzeac's Weapon Boutique.
  6737 | Orc:1    | 4thArraOfDagon: bye:)
  6795 | Elf:1    | Entered Level 1 of the Elven Halls
  6807 | Elf:1    | Reached XP level 13. HP: 78/124 MP: 19/19
  7037 | Elf:1    | Found a frozen archway.
  7123 | Orc:1    | Bought the ring of the Skies Above {rCorr rElec Int-2 Dex+4} for 458 gold pieces
  7290 | Lair:1   | Entered Level 1 of the Lair of Beasts
  7497 | Lair:3   | Found a labyrinth entrance.
  7503 | Lab      | Entered a labyrinth
  7544 | Lab      | Reached skill level 5 in Earth Magic
  7805 | Lab      | Noticed a minotaur
  7819 | Lab      | Killed a minotaur
  7841 | Lab      | Got a pitted amber ring
  7844 | Lab      | Identified the ring of Tiqua {rPois Dex+2} (You found it in a labyrinth)
  7845 | Lab      | Got a steaming platinum ring
  7847 | Lab      | Identified the ring of Odasobly {rPois rF- Str+4 Dex+4 Stlth+} (You found it in a labyrinth)
  7871 | Lab      | Identified a +0 rod of clouds (9/9) (You found it in a labyrinth)
  7967 | Lair:4   | Found a staircase to the Shoals.
  8137 | Lair:5   | Reached skill level 5 in Transmutations
  8377 | Lair:6   | Noticed Kirke
  8387 | Lair:6   | Killed Kirke
  8461 | Lair:6   | Found a hole to the Spider Nest.
  8538 | Lair:7   | Found an iron altar of Okawaru.
  8737 | Lair:8   | Entered Level 8 of the Lair of Beasts
  8772 | Lair:8   | Reached XP level 14. HP: 127/133 MP: 16/20
  9025 | Lair:8   | Got a heavily runed pewter ring
  9027 | Lair:8   | Identified the ring "Taen" {*Tele *Drain rElec Str+2 Int+8} (You found it on level 8 of the Lair of Beasts)
  9178 | Lair:8   | Found a runed door.
  9863 | Spider:1 | Entered Level 1 of the Spider Nest
  9863 | Spider:1 | Noticed Agnes
  9869 | Spider:1 | Killed Agnes
 10021 | Spider:3 | Reached skill level 10 in Shields
 10056 | Spider:2 | HP: 6/133 [something (14)]
 10133 | Spider:2 | Killed a ghost moth
 10133 | Spider:2 | Reached XP level 15. HP: 114/140 MP: 0/22
 10519 | Spider:4 | Entered Level 4 of the Spider Nest
 10530 | Spider:4 | Noticed Jorgrun
 10821 | Spider:3 | Killed Jorgrun
 10873 | Spider:4 | Reached skill level 10 in Earth Magic
 11021 | Spider:4 | Identified a scroll of acquirement
 11022 | Spider:4 | Got a fine hat
 11037 | Spider:4 | Identified the +0 hat of Dishonesty {rN++ Int-4} (You acquired it on level 4 of the Spider Nest)
 11085 | Spider:4 | Killed a ghost moth
 11153 | Spider:4 | Reached skill level 5 in Spellcasting
 11229 | Spider:4 | Got a gossamer rune of Zot
 11262 | Spider:4 | Killed a ghost moth
 11262 | Spider:4 | Reached XP level 16. HP: 149/149 MP: 19/24
 11471 | Shoals:1 | Entered Level 1 of the Shoals
 11502 | Shoals:2 | Learned a level 3 spell: Regeneration
 11504 | Shoals:2 | You fall through a shaft!
 11533 | Shoals:3 | Reached skill level 1 in Necromancy
 11586 | Shoals:3 | Noticed Roxanne
 11596 | Shoals:4 | Entered Level 4 of the Shoals
 11600 | Shoals:4 | Reached skill level 1 in Charms
 11604 | Shoals:4 | Noticed Ilsuiw
 11611 | Shoals:4 | Killed Ilsuiw
 11727 | Shoals:4 | Noticed Mara
 11742 | Shoals:4 | Noticed Aizul
 11771 | Shoals:4 | Killed Aizul
 11863 | Shoals:4 | Got a fine jade ring
 11865 | Shoals:4 | Identified the ring "Bogeigau" {rElec rF+} (You found it on level 4 of the Shoals)
 11883 | Shoals:4 | Noticed 4thArraOfDagon's illusion
 11891 | Shoals:4 | Killed Mara
 12064 | Shoals:4 | Noticed a kraken
 12095 | Shoals:4 | Killed a kraken
 12095 | Shoals:4 | Reached skill level 13 in Shields
 12145 | Shoals:4 | Got a barnacled rune of Zot
 12324 | Shoals:4 | Reached XP level 17. HP: 122/156 MP: 19/26
 12343 | Shoals:3 | Killed Roxanne
 12346 | Shoals:3 | Identified Roxanne's Compendium of the Rocks and Changing (You took it off Roxanne on level 3 of the Shoals)
 12353 | Shoals:3 | Learned a level 5 spell: Lee's Rapid Deconstruction
 12590 | Shoals:2 | Reached skill level 14 in Shields
 13138 | Lair:7   | Found a viscous altar of Jiyva.
 13138 | Lair:7   | Found a staircase to the Slime Pits.
 13145 | Slime:1  | Entered Level 1 of the Pits of Slime
 13153 | Slime:1  | Noticed an acid blob
 13158 | Slime:1  | Killed an acid blob
 13340 | Slime:2  | Gained mutation: You possess an exceptional clarity of mind. [a shining eye]
 13343 | Slime:2  | Reached skill level 15 in Shields
 13406 | Slime:3  | Noticed an acid blob
 13410 | Slime:3  | Killed an acid blob
 13454 | Slime:4  | Noticed an acid blob
 13462 | Slime:4  | Killed an acid blob
 13499 | Slime:6  | Entered Level 6 of the Pits of Slime
 13562 | Slime:6  | Noticed an acid blob
 13572 | Slime:6  | Noticed an acid blob
 13573 | Slime:6  | Noticed an acid blob
 13577 | Slime:6  | Noticed an acid blob
 13578 | Slime:6  | Killed an acid blob
 13582 | Slime:6  | Noticed an acid blob
 13583 | Slime:6  | Noticed an acid blob
 13630 | Slime:6  | Noticed the Royal Jelly
 13641 | Slime:5  | Killed an acid blob
 13709 | Slime:5  | Noticed an acid blob
 13715 | Slime:5  | Killed an acid blob
 13756 | Slime:6  | Noticed an acid blob
 13759 | Slime:5  | Killed an acid blob
 13761 | Slime:5  | Killed an acid blob
 13761 | Slime:5  | Reached XP level 18. HP: 145/167 MP: 15/27
 13873 | Slime:6  | Found a viscous altar of Jiyva.
 13912 | Slime:6  | Killed the Royal Jelly
 13930 | Slime:6  | Mangled by an acid blob

Vault maps used:
D:1:      eino_arrival_cavern_a, st_stairs_13
D:2:      lemuel_coloured_pillars_altar, marbit_many_paths,
          minmay_crystal_water, uniq_robin
D:3:      lemuel_doored_altar
D:4:      good_gods_temple_1, old_standard_altar
D:5:      overflow_temple_1_default, lemuel_crystal_altar, kennysheep_mini_moat,
          first_bread, hangedman_minor_gate_pass
D:6:      overflow_temple_1_default, nicolae_qazlal_style_of_elements,
          nicolae_overflow_crystal_walls, enter_ossuary_5,
          nicolae_ru_sacrificial_ziggurat, uniq_pikel
D:7:      vehumet_statue, minmay_temple_entry_overgrown, serial_shops, shop,
          the_bakery
D:8:      erik_lair_orcish_takeover, david_defended_altar_elf, uniq_gastronok
D:11:     serial_shops, shop, nicolae_shop_window_shopping,
          fedhas_altar_fruit_tree
D:12:     orc_0_dummy
D:13:     david_vaults_3, serial_shops, shop, nicolae_shop_behind_doors
D:14:     serial_park_square3, nicolae_alphabet_shops
D:15:     hangedman_depths_entry_try_elsewhere_first, grunt_decor_fettered
Temple:   corrupted_temple
Lair:2:   st_stairs_4, minmay_holes, nicolae_quartered_pool_super,
          infiniplex_staircase_pool
Lair:3:   lab_entry_generic
Lair:4:   minmay_shoals_entry_centaurs, serial_bayou_lagoon_a,
          lemuel_fruit_tree, grunt_megastairs_4
Lair:6:   spider_nest_entry_rubble, uniq_kirke
Lair:7:   dpeg_slime_entry_enclosed_altar, basic_altar
Lair:8:   wormcave, hangedman_lair_caniforms_friends, pond
Shoals:1: uniq_frances, uniq_louise
Shoals:2: nicolae_shoals_dead_sea_scrolls
Shoals:3: nicolae_shoals_isolated_beach, uniq_roxanne
Shoals:4: shoals_end_hangedman, shoals_ilsuiw_alternative, uniq_mara, uniq_aizul
Spider:1: spider_trap, nicolae_spider_shape, uniq_agnes
Spider:3: nicolae_spider_webbed_stairs
Spider:4: grunt_spider_rune_circles, uniq_norris, uniq_jorgrun
Orc:1:    basic_altar, serial_shops, shop, shop, uniq_urug, uniq_nergalle
Orc:2:    st_orc_town
Elf:1:    eino_elf_arrival_shootout, portal_ice_cave_entry_ice_statue_02,
          orc_legates, minivault_14, minivault_15, einodemon_barbed_minivault
Elf:2:    basic_altar, patterned_corridor
Lab:      nicolae_lab_lava, nicolae_lab_garden
Ossuary:  ossuary_zaba_two_paths

Action                   |  1- 3 |  4- 6 |  7- 9 | 10-12 | 13-15 | 16-18 || total
-------------------------+-------+-------+-------+-------+-------+-------++-------
Melee: Unarmed           |    75 |   140 |   326 |   579 |   967 |   554 ||  2641
Throw: Throwing net      |     2 |     3 |    12 |     4 |       |       ||    21
       Large rock        |     2 |       |     8 |    11 |    10 |    12 ||    43
 Cast: Slow              |       |       |     2 |     3 |     3 |       ||     8
       Statue Form       |       |       |       |       |    16 |    43 ||    59
       Stoneskin         |       |       |       |       |     5 |     4 ||     9
       Regeneration      |       |       |       |       |       |    25 ||    25
Invok: Bend Time         |       |       |     4 |       |     2 |       ||     6
       Slouch            |       |       |       |     3 |    14 |    14 ||    31
       Temporal Distorti |       |       |       |     1 |    10 |     6 ||    17
 Abil: End Transformatio |       |       |       |       |       |     2 ||     2
Evoke: Wand              |       |       |     2 |     5 |    15 |    10 ||    32
       Deck              |       |       |       |       |       |     2 ||     2
  Use: Potion            |     1 |       |     4 |     2 |     8 |    11 ||    26
       Scroll            |       |     5 |     6 |     6 |    19 |     7 ||    43
 Stab: Held in net/web   |       |     1 |     1 |     5 |       |       ||     7
       Sleeping          |       |       |       |    11 |     7 |     1 ||    19
       Distracted        |       |       |       |     2 |     1 |       ||     3
       Invisible         |       |       |       |       |     1 |       ||     1
  Eat: Chunk             |     8 |     1 |    25 |    34 |    38 |    31 ||   137
       Fruit             |       |       |       |       |     7 |     1 ||     8
       Beef jerky        |       |       |       |       |     2 |     1 ||     3
       Pizza             |       |       |       |       |       |     4 ||     4
       Royal jelly       |       |       |       |       |       |     5 ||     5
